Cogmind - Beta 15 @@@ ROGUE MODE // 2025.10.06 @ 12:34:51 Player: DietSnapple Result: Destroyed by G-34 Mercenary with Small Laser Performance ------------- Evolutions (0) 0 Regions Visited (1) 200 Robots Destroyed (12) 60 Value Destroyed (319) 319 Prototype IDs (0) 0 Alien Tech Used (0) 0 Bonus (0) 0 TOTAL SCORE: 579 Bonus ------- None Cogmind --------- Core Integrity 0/250 Matter 300/300 Energy 250/250 System Corruption 0% Temperature Cool (6) Movement Walking (120) Location -10/Materials Parts ------- > --- POWER (1) -------- Ion Engine > --- PROPULSION (2) --- Aluminum Leg > --- UTILITY (2) ------ Small Storage Unit > --- WEAPON (2) ------- (None) > --- INVENTORY (8) ---- Light Ion Engine Heat Sink High-capacity Storage Unit Huge Storage Unit Utility Shielding Utility Shielding Peak State ------------ > --- POWER ------------ Light Ion Engine > --- PROPULSION ------- Wheel Wheel > --- UTILITY ---------- Small Storage Unit Seismic Detector > --- WEAPON ----------- Medium Laser Small Laser > --- INVENTORY -------- Light Ion Engine Aluminum Leg Aluminum Leg [Rating: 7] Favorites ----------- Power Light Ion Engine Engine Light Ion Engine Propulsion Wheel Leg Aluminum Leg Wheel Wheel Utility Seismic Detector Device Seismic Detector Storage High-capacity Storage Unit Weapon Small Laser Energy Gun Small Laser Ballistic Gun Light Assault Rifle Build | -11 -10 ------- Run | Yrd Mat Slots Evolved . | . . Power . | . . Propulsion . | . . Utility . | . . Weapon . | . . Parts Attached 14 | 8 6 Power 3 | 1 2 Engine 3 | 1 2 Core . | . . Reactor . | . . Propulsion 4 | 2 2 Treads . | . . Leg 2 | . 2 Wheel 2 | 2 . Hover . | . . Flight . | . . Utility 4 | 2 2 Device 1 | 1 . Storage 3 | 1 2 Processor . | . . Hackware . | . . Protection . | . . Artifact . | . . Weapon 3 | 3 . Energy Gun 2 | 2 . Energy Cannon . | . . Ballistic Gun 1 | 1 . Ballistic Cannon . | . . Launcher . | . . Special Weapon . | . . Impact Weapon . | . . Slashing Weapon . | . . Piercing Weapon . | . . Special Melee Weapon . | . . Unidentified Prototypes . | . . Parts Lost 7 | . 7 Power 1 | . 1 Propulsion 3 | . 3 Utility 1 | . 1 Weapon 2 | . 2 Highest Loss Streak 4 | . 4 To Critical Strikes . | . . Average Backups 4 | 1 5 Power . | . . Propulsion 1 | 1 1 Utility 2 | . 3 Weapon . | . . Tool/Special . | . . Unused Backups 3 | . 3 Power . | . . Propulsion . | . . Utility 3 | . 3 Weapon . | . . Tool/Special . | . . Average Slot Usage (%) 96 | . 96 Engine 14 | . 14 Leg 7 | . 7 Wheel 18 | . 18 Device 13 | . 13 Storage 14 | . 14 Energy Gun 26 | . 26 Peak Build Rating 7 | 7 7 Average Rating 6 | 4 6 On Entrance 3 | . 7 Naked Turns . | . . Heaviest Build 87 | 12 87 Greatest Support 20 | 20 20 Greatest Overweight (x) 4 | 3 4 Average Overweight (x) 1 | . 1 Largest Inventory Capacity 25 | 8 25 Average Capacity 16 | 7 18 Most Carried 7 | 3 7 Average Carried 4 | 2 5 Final Capacity 8 | 8 8 Final Carried 6 | 3 6 Class Distribution -------------------- 100% | Mutant Dominant Class ---------------- Mutant | -10/Materials Resources | -11 -10 ----------- Run | Yrd Mat Matter Collected 340 | 270 70 Remotely . | . . Salvage Created 520 | 131 389 Parts 23 | 9 14 Haulers Intercepted . | . . Recyclers Shooed 1 | 1 . Parts Field Recycled . | . . Retrieved Matter . | . . Parts Self-Destructed . | . . Prevented . | . . Kills | -11 -10 ------- Run | Yrd Mat Combat Hostiles Destroyed 8 | . 8 Guns 8 | . 8 Classes Destroyed 4 | 2 2 Worker 1 | . 1 Tunneler 2 | 2 . Recycler 1 | 1 . Grunt 8 | . 8 Best Kill Streak 2 | 1 2 Combat Bots Only 2 | . 2 Max Kills in Single Turn 1 | 1 1 Gunslinging . | . . Exploded . | . . Melee . | . . Uniques/NPCs Destroyed . | . . Combat | -11 -10 -------- Run | Yrd Mat Hostile Shots Fired 103 | . 103 Missed 28 | . 28 Hits 75 | . 75 Projectile 75 | . 75 Critical Strikes 2 | . 2 Damage Taken 867 | . 867 Core 252 | . 252 Absorbed by Shields . | . . Core Remaining (%) 100 | 100 . Volleys Fired 63 | 14 49 Largest 2 | 2 2 Hottest 90 | 90 90 Shots Fired 122 | 28 94 Gun 122 | 28 94 Cannon . | . . Launcher . | . . Special . | . . Kinetic . | . . Thermal 122 | 28 94 Explosive . | . . Electromagnetic . | . . Robot Hit Streak 7 | 3 7 Robot Miss Streak 4 | 4 4 Penetration Max . | . . Secondary Targets . | . . Shots Hit Robots 73 | 12 61 Core Hits 28 | 4 24 Critical Kills . | . . Critical Parts Destroyed . | . . Critical Strikes 7 | . 7 Burn 7 | . 7 Melee Attacks . | . . Impact . | . . Slashing . | . . Piercing . | . . Sneak Attacks . | . . Combat Hostiles . | . . Follow-up Attacks . | . . Damage Inflicted 899 | 142 757 Guns 874 | 142 732 Cannons . | . . Explosions . | . . Melee . | . . Ramming 25 | . 25 Kinetic . | . . Thermal 874 | 142 732 Explosive . | . . Electromagnetic . | . . Impact . | . . Slashing . | . . Piercing . | . . Highest Corruption . | . . Average Corruption . | . . Corruption Purged . | . . Corruption Blocked . | . . Overload Shots . | . . Overflow Damage . | . . Projectiles . | . . Explosions . | . . Melee . | . . Knockbacks . | . . Impact . | . . Kinetic . | . . Secondary . | . . Self-Inflicted Damage . | . . Shots . | . . Rammed . | . . Targets Rammed 13 | . 13 Kicked 13 | . 13 Crushed . | . . Highest Temperature 366 | 240 366 Average Temperature 139 | 135 141 Received Heat Transfer 462 | . 462 Effects 5 | . 5 Interference 5 | . 5 Siege Activations . | . . Martial Activations . | . . Shielding Activations . | . . Robots Disrupted . | . . Combat Hostiles . | . . Robots Corrupted . | . . Combat Hostiles . | . . Parts Fried . | . . Impact Corruptions . | . . Robots Melted . | . . Combat Hostiles . | . . Parts Melted 4 | . 4 Heat Transferred 2812 | 360 2452 Parts Sabotaged . | . . Parts Stolen . | . . Parts Stripped . | . . Power Chain Reactions . | . . Alert | -11 -10 ------- Run | Yrd Mat Maximum Alert Level . | . . Low Security (%) 100 | 100 100 Level 1 . | . . Level 2 . | . . Level 3 . | . . Level 4 . | . . Level 5 . | . . High Security . | . . Max Security . | . . Peak Influence 60 | 5 60 Initial . | . . Average 11 | 1 13 Influence Increases 275 | 15 260 Destroy 0b10 Robot/C 160 | . 160 Destroy 0b10 Robot/NC 20 | 15 5 Destroy Leader 50 | . 50 Lose Combat Pursuer 45 | . 45 Influence Decreases 275 | 15 260 Time Decay 221 | 15 206 Lost Part 54 | . 54 Squads Dispatched 3 | . 3 Investigation 3 | . 3 Extermination . | . . Reinforcement . | . . Assault . | . . Garrison . | . . Intercept . | . . Searches Triggered . | . . Construction Impeded . | . . Haulers Reinforced . | . . Active Scanning Responses . | . . Cargo Convoy Interrupts . | . . Stealth | -11 -10 --------- Run | Yrd Mat Distress Signals 1 | . 1 Communications Jammed . | . . Distress Signals . | . . Times Spotted 16 | . 16 Peak Tracking Total 5 | . 5 Tactical Retreats 2 | . 2 Traps | -11 -10 ------- Run | Yrd Mat Traps Triggered 2 | . 2 Indirectly . | . . Trap Hack Attempts . | . . Triggered . | . . Disarmed . | . . Reprogrammed . | . . Reused . | . . Traps Extracted . | . . Installed . | . . Triggered . | . . Machines | -11 -10 ---------- Run | Yrd Mat Machines Disabled . | . . Max in Single Turn . | . . Machines Repaired . | . . Machines Dismantled . | . . Machines Sabotaged . | . . Overloaded Fab Kills . | . . Hacking | -11 -10 --------- Run | Yrd Mat Machines Accessed 3 | . 3 Terminals 2 | . 2 Fabricators . | . . Repair Stations . | . . Recycling Units 1 | . 1 Scanalyzers . | . . Garrison Access . | . . Total Hacks 4 | . 4 Successful 1 | . 1 Failed 3 | . 3 Catastrophic 2 | . 2 Database Lockouts . | . . Manual 3 | . 3 Terminals 3 | . 3 Fabricators . | . . Repair Stations . | . . Recycling Units 1 | . 1 Scanalyzers . | . . Garrison Access . | . . Terminal Hacks . | . . Fabricator Hacks . | . . Repair Station Hacks . | . . Recycling Unit Hacks 1 | . 1 Report Inventory 1 | . 1 Scanalyzer . | . . Garrison Access Hacks . | . . Unauthorized Hacks . | . . Terminals . | . . Fabricators . | . . Repair Stations . | . . Recycling Units . | . . Scanalyzers . | . . Garrison Access . | . . Data Cores Recovered . | . . Used . | . . Hacking Detections 1 | . 1 Full Trace Events 1 | . 1 Feedback Events . | . . Feedback Blocked . | . . Robot Schematics Acquired . | . . Robots Built . | . . Authchips . | . . Time . | . . Total Robot Build Rating . | . . Part Schematics Acquired . | . . Parts Built . | . . Authchips . | . . Time . | . . Total Part Build Rating . | . . Parts Repaired . | . . Time . | . . Parts Recycled . | . . Recycled Matter . | . . Retrieved Matter . | . . Retrieved Components . | . . Parts Scanalyzed . | . . Part Schematics Acquired . | . . Parts Damaged . | . . Bothacking | -11 -10 ------------ Run | Yrd Mat Used RIF Installer . | . . Robots Hacked . | . . Non-combat . | . . Combat . | . . Robot Hacks Applied . | . . Relay Couplers Released . | . . Fabnet Peak Effective % . | . . Robots Rewired . | . . Allies Hacked . | . . Hacks Repelled . | . . Allies | -11 -10 -------- Run | Yrd Mat Total Allies . | . . Largest Group . | . . Highest-Rated Group . | . . Highest-Rated Ally . | . . Total Orders . | . . Ally Attacks . | . . Total Damage . | . . Kills . | . . Allies Corrupted . | . . Allies Melted . | . . Intel | -11 -10 ------- Run | Yrd Mat Active Infowar (turns) 719 | 4 715 Seismic 719 | 4 715 Robot Analysis Total . | . . Derelict Logs Recovered . | . . Drone Launches . | . . Drone Recoveries . | . . Exploration | -11 -10 ------------- Run | Yrd Mat Turns Passed 907 | 128 779 Spaces Moved 521 | 81 440 Core 45 | 45 . Treads . | . . Legs 72 | . 72 Wheels 404 | 36 368 Hover . | . . Flight . | . . Fastest Speed 50 | 50 80 Average Speed 114 | 86 119 Slowest Speed 260 | 200 260 Overloaded Moves . | . . Propulsion Burnouts . | . . Robots Hopped . | . . Potential Cave-ins . | . . Cave-ins Triggered . | . . Exploration Rate (%) 32 | 4 60 Regions Visited 1 Branch Regions . Pre-discovered Areas . | . . Known Exits Taken . | . . Unknown Exits Taken 1 | 1 . Scrap Searched . | . . Spaces Dug . | . . Terrain Destroyed . | . . Melee . | . . Projectile . | . . AOE . | . . Terrain Rammed . | . . Walls Destroyed . | . . Machines Disabled . | . . Actions | -11 -10 --------- Run | Yrd Mat Total 700 | 106 594 Wait 81 | . 81 Move 520 | 80 440 Hop . | . . Pick Up 7 | 4 3 Fast Attach 6 | 6 . Attach 4 | 1 3 Detach . | . . Swap 6 | 1 5 Drop . | . . Fire 63 | 14 49 Melee . | . . Ram . | . . Kick 13 | . 13 Crush . | . . Escape Stasis . | . . Rewire . | . . Trap . | . . Miscellaneous . | . . Route ------- -11/Scrapyard -10/Materials (discovered 5 exits: [*Mat x3] / [*Min] / [*Sub]) History --------- Turn | Location | Event 2 | -11/Scrapyard | Met Revision 17 46 | -11/Scrapyard | Discovered new exit (range 14) 129 | -11/Scrapyard | Entered Materials 130 | -10/Materials | Met a group of wandering Federalists 160 | -10/Materials | Discovered new exit (range 6) 209 | -10/Materials | Discovered new exit (range 5) 311 | -10/Materials | Build established: Mutant 345 | -10/Materials | Discovered new exit (range 10) 589 | -10/Materials | Discovered new exit (range 10) 725 | -10/Materials | Core integrity fell below 50% 822 | -10/Materials | Discovered new exit (range 8) 891 | -10/Materials | Core integrity fell below 20% 908 | -10/Materials | Destroyed by G-34 Mercenary with Small Laser Last Messages --------------- 00787_ Connecting with Terminal... 00822_ EXIT=FOUND 00851_ Connecting with Terminal... 00851_ ALERT: Suspicious activity at Terminal M003. Dispatching Investigation squad. 00864_ G-34 Mercenary suffers critical hit (Burn). 00864_ G-34 Mercenary destroyed. 00870_ Seismic Detector destroyed. 00876_ G-34 Mercenary destroyed. 00877_ Overheating: System interference. 00877_ Med. Laser temporarily disabled. 00877_ Med. Laser destroyed. 00879_ Sml. Laser destroyed. 00889_ Kicked G-34 Mercenary out of the way. 00890_ Kicked G-34 Mercenary. 00892_ Kicked G-34 Mercenary out of the way. 00896_ Aluminum Leg destroyed. 00901_ Kicked S-10 Pest. 00904_ Kicked S-10 Pest out of the way. 00906_ Kicked S-10 Pest. Map ----- +----------------------------------------------------+ | ?????????# < ######## | | ?????????# + | | ?????????# ####################### | | ?????????## #????????????????????# | | ??????????## #?????????????????????# # | | ???????????# ??????????????????????## | | ???????????# ???????????????????????# # | | ?????????? ???????????????????????#<## | | ????????? ????????????????????????##?? | | ????????###?????????????????????????#### | | ????????????????????????????????? | | ????????????????????????????????? | | ????????????????????????????????? | | ?????????????????????????????????? #### | | ???????????????????????????????????????? | | ???????????????????????????????????????? | | ??????????##########???????????????????? | | ??????????# #???????????????????? | | ??????????# """ "#???????????????????? | | ??????????# """ a"#???????????????????? | | ??????????# """ "#???????????????????? | | ??????????# T#???????????????????? | | ??????????# """ "#???????????????????? | | ??????????# """ "#???????????? #??? | | ??????????#! """gs"#???????????# ??? | | ??????????# =s@%% #???????????# ??? | | ??????????####/#####???????????# ??? | | ??????????# %% ##???????????# #??? | | ??????????# < +???????????# #???? | | ??????????# ##???????????# #???? | | ??????????##### #?#######????# #???? | | ??????????????# # """ #????# +???? | | ??????????????# # """ #????# #???? | | ??????????????# + """ #????# #???? | | ??????######### # #????# #???? | | ??????? ## # #????# #???? | | ???????""""" ## #########????# #???? | | ?????? """"" # ############# #???? | | ?????? """"" # % %#???? | | ?????? """"" +% T #???? | | ?????? """"" # % #???? | | ???????""""" # ############# ##### | | ???????""""" # ####???????????# # | | ??????? # #??????????????# # | | ???????####### #??????????????# # ! | | ?????????????# #??????????????# %+ | | ?????????????# #??????????????# # """ | | ?????????????# #??????????????# # """ | | ?????????????# #??????????????# # """ | | ?????????????# #??????????????# ##### | +----------------------------------------------------+ Best States ------------- Heat Dissipation 25 Energy Generation 10 Energy Capacity 250 Matter Stores 300 Matter Capacity 300 Sight Range 16 Terrain Scan Density 10 Evasion (%) 55 Item Schematics ----------------- None Robot Schematics ------------------ None Fabricated ------------ Nothing Repaired ---------- Nothing Alien Tech Used ----------------- None Achievements -------------- None Challenges ------------ None Game ------ Seed BiocellRelayDevice Manual? 0 Play Time 00:12:17 Cumulative 12.3 hours Start 2025.10.06 @ 12:15:48 End 2025.10.06 @ 12:34:51 Sessions 1 Manual Loads 0 Difficulty Rogue Special Mode None Game No. 38 Rogue 31 Adventurer 7 Explorer 0 Win Type - Total 0 Types 0/0/0/0/0/0/0/0/0/0 Lore% 3 Gallery% 15 Achievement% 14 Wizard Run 0 Options --------- Layout 1 ASCII 0 Keyboard 1 Movement Vi Keybinds 0 Fullscreen 1 Font 24/Smallcaps Map View 76x35 Zoom Use 0% Tactical HUD 1 Map Filters NONE Filters NONE Steam 1 RUN: de010efd-1fc7-4564-8f1c-395773fb8aed